 Dungeon Crawl Stone Soup version 0.30.1-3-gfc49f6343a (console) character file.

Game seed: 4043987271002275378

16 Zeor the Conjurer (level 2, -2/15 HPs)
             Began as a Deep Elf Conjurer on July 30, 2023.
             Slain by a goblin
             ... wielding a +0 dagger
              (3 damage)
             ... on level 1 of the Dungeon.
             The game lasted 00:00:48 (122 turns).

Zeor the Conjurer (Deep Elf Conjurer)                Turns: 122, Time: 00:00:50

Health: -2/15      AC:  2    Str:  4    XL:     2   Next: 41%
Magic:  7/8        EV: 12    Int: 22    God:
Gold:   7          SH:  0    Dex: 13    Spells: 6/7 levels left

rFire   . . .        d - +0 dagger
rCold   . . .        (no shield)
rNeg    . . .        a - +0 robe
rPois   .            (no helmet)
rElec   .            (no cloak)
rCorr   .            (no gloves)
SInv    +            (no boots)
Will    .....        (no amulet)
Stlth   ++           e - ring of see invisible
HPRegen 0.22/turn    (no ring)
MPRegen 0.11/turn

%: no passive effects
@: no status effects
A: no striking features
a: no special abilities


You were on level 1 of the Dungeon.
You visited 1 branch of the dungeon, and saw 1 of its levels.

You collected 7 gold pieces.

Inventory:

Hand Weapons
 d - a +0 dagger (weapon)
Missiles
 c - 4 poisoned darts
Armour
 a - a +0 robe (worn)
Jewellery
 e - a ring of see invisible (left hand)


   Skills:
 + Level 2.6 Dodging
 + Level 2.5 Stealth
 * Level 3.2 Spellcasting
 + Level 4.9 Conjurations


You had 6 spell levels left.
You knew the following spells:

 Your Spells              Type           Power      Damage    Failure   Level
a - Magic Dart            Conj           100%       1d8       1%          1

Your spell library contained the following spells:

 Spells                   Type           Power      Damage    Failure   Level
 Searing Ray              Conj           50%        2d6       2%          2
 Dazzling Flash           Conj/Hex       28%        N/A       13%         3
 Fulminant Prism          Conj/Hex       7%         3d6       41%         4
 Iskenderun's Mystic Bla  Conj/Tloc      14%        2d5       41%         4


Dungeon Overview and Level Annotations

Branches:
Dungeon (1/15)

Altars:


Message History

Aiming: Magic Dart (safe; 1% risk of failure)
Press: ? - help, Shift-Dir - straight line, f/p - gnoll
Aim: a gnoll, wielding a +0 spear (almost dead, 100% to hit)
The magic dart hits the gnoll.
You kill the gnoll!
You have reached level 2!
Casting: Magic Dart (safe; 1% risk of failure)
Confirm with . or Enter, or press ? or * to list all spells.
Aiming: Magic Dart (safe; 1% risk of failure)
Press: ? - help, Shift-Dir - straight line, f - endoplasm
Aim: an endoplasm (100% to hit)
The magic dart hits the endoplasm.
The endoplasm is almost dead.
The endoplasm freezes you.
You are frozen.
* * * LOW HITPOINT WARNING * * *
You aren't carrying any scrolls.
Okay, then.
The endoplasm attacks as you move away! The endoplasm hits you.
* * * LOW HITPOINT WARNING * * *
Magic courses through your body. The endoplasm freezes you.
You are frozen.
* * * LOW HITPOINT WARNING * * *
Casting: Magic Dart (safe; 1% risk of failure)
Confirm with . or Enter, or press ? or * to list all spells.
Aiming: Magic Dart (safe; 1% risk of failure)
Press: ? - help, Shift-Dir - straight line, f/p - endoplasm
Aim: an endoplasm (almost dead, 100% to hit)
The magic dart hits the endoplasm.
You kill the endoplasm!
Casting: Magic Dart (safe; 1% risk of failure)
Confirm with . or Enter, or press ? or * to list all spells.
Aiming: Magic Dart (safe; 1% risk of failure)
Press: ? - help, Shift-Dir - straight line, f - goblin
Aim: a goblin, wielding a +0 dagger (100% to hit)
The magic dart hits the goblin.
The goblin is moderately wounded.
The goblin hits you with a +0 dagger.
You die... ▒▒▒▒▒▒▒ ▒▒▒▒▒▒ ▒▒▒▒∙∙∙∙∙▒ ▒▒▒∙∙∙∙∙∙ ∙∙∙∙∙∙∙∙∙▒ ▒▒▒▒▒▒∙∙∙∙∙∙∙∙ ∙∙∙∙∙∙∙∙∙▒▒▒▒▒∙∙∙∙∙∙∙∙∙∙∙∙∙ ∙∙∙∙∙∙∙∙∙▒∙∙∙∙∙∙∙∙∙∙∙∙∙∙∙∙∙ ∙∙∙∙∙∙∙)∙∙∙∙∙∙∙ge∙∙∙∙∙∙∙∙∙∙

∙∙∙∙∙∙∙∙∙▒∙∙∙∙∙∙∙∙∙∙∙∙∙∙▒
∙▒▒▒∙∙∙∙∙▒∙∙∙∙∙∙∙∙∙∙∙∙∙∙▒
▒∙∙∙∙∙▒∙∙∙∙∙∙∙∙∙∙∙∙∙∙▒
▒▒▒▒∙∙∙∙∙▒∙∙∙∙▒▒▒▒▒▒▒▒▒▒▒
∙∙∙∙∙∙∙∙▒▒∙∙∙∙▒P~~≈≈≈≈≈≈≈P∙∙
∙∙∙∙∙∙∙∙▒▒∙∙∙∙∙∙P~≈≈≈≈~≈P∙∙∙
∙∙∙∙∙∙∙∙▒▒∙∙∙∙∙∙∙P~≈≈~~P∙∙▒
∙∙∙∙∙∙∙∙▒▒∙∙∙∙∙∙∙∙P~~~P∙∙∙▒▒


You could see a goblin.

Vanquished Creatures
  A gnoll (D:1)
  3 endoplasms (D:1)
  A hobgoblin (D:1)
  A frilled lizard (D:1)
6 creatures vanquished.

Notes
Turn   | Place    | Note
-------+----------+-------------------------------------------
     0 | D:1      | Zeor the Deep Elf Conjurer began the quest for the Orb.
     0 | D:1      | Reached XP level 1. HP: 10/10 MP: 6/6
   112 | D:1      | Reached XP level 2. HP: 6/15 MP: 1/8
   122 | D:1      | Slain by a goblin

Illustrated notes

Levels and vault maps discovered:
D:1:      eino_arrival_druids_welcome, layout_basic, minmay_tetromino_i2

Action                     || total
---------------------------++-------
   Cast: Magic Dart        ||    15
    Use: Potion            ||     1
